 Dungeon Crawl Stone Soup version 0.21.1-1-g345015f (webtiles) character file.

175589 goulibeur the Envoy of Void (level 17, -27/144 HPs)
             Began as a Demonspawn Abyssal Knight on June 8, 2018.
             Was a High Priest of Lugonu.
             Killed from afar by a titan (34 damage)
             ... with a bolt of lightning
             ... on level 1 of the Shoals on June 10, 2018.
             The game lasted 04:23:59 (49964 turns).

goulibeur the Envoy of Void (DsAK)                 Turns: 49964, Time: 04:23:59

Health: -27/144    AC: 33    Str: 23    XL:     17   Next: 48%
Magic:  31/38      EV: 18    Int: 18    God:    Lugonu [*****.]
Gold:   2293       SH: 18    Dex: 25    Spells: 16/16 levels left

rFire    . . .     SeeInvis .   B - +5 spear of Instant Death {pierce, MR+ Str+3 Int+3 Dex+2}
rCold    + + .     Gourm    .   u - +2 buckler
rNeg     + . .     Faith    .   Z - +10 plate armour of the Barber Surgeon {rC+ Str+4}
rPois    +         Spirit   .   U - +0 helmet
rElec    .         Reflect  .   S - +1 cloak
rCorr    .         Harm     .   k - +1 pair of gloves {Dex+3}
MR       ++...                  (no boots)
Stlth    ..........             (no amulet)
HPRegen  0.34/turn              D - ring of protection from fire
MPRegen  0.26/turn              J - ring "Veta" {rPois rF- rN+ MP+9 Int+2 Dex+3}

@: very slightly contaminated, starving
A: hooves 2, large bone plates 3, cold resistance 1, spiny 2, freezing cloud
immunity
a: Depart the Abyss, Bend Space, Banish, Corrupt, Enter the Abyss, Renounce
Religion


You were on level 1 of the Shoals.
You worshipped Lugonu.
Lugonu was extremely pleased with you.
You were starving.

You visited 6 branches of the dungeon, and saw 29 of its levels.
You visited the Abyss 1 time.
You also visited: Labyrinth and Sewer.

You collected 2553 gold pieces.
You spent 260 gold pieces at shops.

Inventory:

Hand Weapons
 f - a +2 broad axe of electrocution
 n - a +2 short sword of venom
 B - the +5 spear of Instant Death (weapon) {pierce, MR+ Str+3 Int+3 Dex+2}
   (You found it on level 5 of the Dungeon)

   It inflicts extra damage upon your enemies.
   It affects your strength (+3).
   It affects your intelligence (+3).
   It affects your dexterity (+2).
   It affects your resistance to hostile enchantments.
Armour
 g - the +2 chain mail of Feasting {*Contam +Inv rElec Int+5}
   (You found it in a labyrinth)

   It affects your intelligence (+5).
   It insulates you from electricity.
   It lets you turn invisible.
   It causes magical contamination when unequipped.
 k - a +1 pair of gloves of dexterity (worn)
 m - a +2 shield
 u - a +2 buckler (worn)
 S - a +1 cloak (worn)
 U - a +0 helmet (worn)
 Z - the +10 plate armour of the Barber Surgeon (worn) {rC+ Str+4}
   (You found it on level 4 of the Lair of Beasts)

   It affects your strength (+4).
   It protects you from cold.
Jewellery
 x - an uncursed ring of resist corrosion
 D - a ring of protection from fire (left hand)
 J - the ring "Veta" (right hand) {rPois rF- rN+ MP+9 Int+2 Dex+3}
   (You found it in a labyrinth)

   [ring of magical power]

   It affects your intelligence (+2).
   It affects your dexterity (+3).
   It makes you vulnerable to fire.
   It protects you from poison.
   It protects you from negative energy.
   It affects your magic capacity (+9).
 M - an uncursed ring of ice
 V - an uncursed ring of protection from magic
 X - the ring of Pyang {rC- rN+ Str-3 Int+4}
   (You found it in a labyrinth)

   [ring of strength]

   It affects your strength (-3).
   It affects your intelligence (+4).
   It makes you vulnerable to cold.
   It protects you from negative energy.
Wands
 o - a wand of scattershot (7)
 p - a wand of polymorph (43)
 t - a wand of clouds (9)
 A - a wand of acid (8)
 E - a wand of random effects (27)
 F - a wand of iceblast (24)
 H - a wand of disintegration (29)
 K - a wand of flame (125)
 P - a wand of enslavement (34)
 R - a wand of paralysis (26)
 T - a wand of digging (47)
Scrolls
 e - 10 scrolls of remove curse
 i - a scroll of fear
 j - 12 scrolls of enchant weapon
 v - 16 scrolls of teleportation
 y - 12 scrolls of identify
 C - 2 scrolls of blinking
 G - a scroll of magic mapping
 N - a scroll of fog
 Q - 4 scrolls of enchant armour
Potions
 a - 9 potions of curing
 b - 4 potions of flight
 d - a potion of heal wounds
 h - 3 potions of invisibility
 l - 5 potions of lignification
 q - a potion of brilliance
 r - 4 potions of mutation
 s - a potion of berserk rage
 w - 3 potions of magic
 z - a potion of agility
 I - 2 potions of might
 O - 2 potions of haste
 W - 4 potions of ambrosia
 Y - a potion of resistance
Comestibles
 c - 25 rations


   Skills:
 - Level 15.8 Fighting
 - Level 1.7 Short Blades
 + Level 13.6 Armour
 + Level 13.6 Dodging
 * Level 11.5 Shields
 - Level 17.4 Invocations


You had 16 spell levels left.
You didn't know any spells.

Dungeon Overview and Level Annotations

Branches:
Dungeon (15/15)            Temple (0/1) D:4            Lair (6/6) D:9
 Shoals (2/4) Lair:3       Spider (2/4) Lair:4        Slime (0/5) Lair:6
    Orc (2/2) D:10            Elf (2/3) Orc:2        Vaults (0/5) D:14
 Depths: D:15

Altars:
Ashenzari
Elyvilon
Fedhas
Hepliaklqana
Kikubaaqudgha
Okawaru
Qazlal
Sif Muna
Xom
Zin
Jiyva

Shops:
D:5 (   D:8 (   Orc:2 !?*[   Shoals:1 (

Annotations:
D:9 Blork the orc
D:11 exclusion: ice statue
Lair:2 exclusion: oklob plant
Elf:2 1 runed door
Abyss:1 Azrael, Josephine, Menkaure, Snorg, Sonja


Innate Abilities, Weirdness & Mutations

You have hoof-like feet.
You are completely covered in large bone plates. (SH +8)
Your flesh is cold resistant. (rC+)
You are mostly covered in sharp spines.
You are immune to freezing clouds.


Message History

Press: ? - help, Shift-Dir - straight line, f - titan
Aim: a titan (moderately wounded, chance to defeat MR: 0%)
The titan resists with almost no effort.
You feel somewhat more hungry. The titan hits you but does no damage.
Press: ? - help, Shift-Dir - straight line, f/p - titan
Aim: a titan (moderately wounded, chance to defeat MR: 0%)
The titan resists with almost no effort.
You are starving!
The titan hits you!!
* * * LOW HITPOINT WARNING * * *
Blink to where?
Press: ? - help, Dir - move target cursor, p - titan Splash!
You fall into the shallow water.
Moving in this stuff is going to be slow.
You are very lightly contaminated with residual magic.
As you read the scroll of blinking, it crumbles to dust.
The titan points at you and mumbles some strange words.
The bolt of lightning hits you!
You die...

....≈.≈≈≈≈≈≈≈.≈≈≈≈≈≈≈≈≈≈≈≈≈≈≈≈≈##
≈≈≈...≈≈..≈≈≈≈..≈≈≈≈≈≈..≈≈≈≈≈≈≈≈.
≈≈≈..........≈≈.≈≈≈≈≈....≈≈≈≈≈...
≈≈≈≈≈.....≈..≈≈≈.≈≈≈......≈≈≈≈...
≈≈≈≈≈≈......≈≈≈≈.≈≈..####≈≈≈≈≈≈..
≈≈≈≈≈≈......≈≈≈≈≈≈≈..## #≈≈≈≈≈≈≈≈
≈≈≈≈≈..###...≈≈≈≈≈≈...# #(≈≈≈≈≈≈≈
≈≈.≈≈..##...≈≈≈≈≈≈≈...# ##.≈≈≈≈≈≈
≈.≈≈≈...#..≈≈≈≈≈@....## #.≈≈≈≈≈≈
.≈≈≈.......≈≈≈≈≈..≈.## #>.≈≈≈≈≈
.≈≈≈..........≈≈≈..## #..≈≈≈≈≈
.≈≈............≈≈..## ###..≈≈≈≈≈
.≈≈≈..≈...C≈≈..≈≈≈..# #...≈≈≈≈≈≈
≈≈≈≈≈≈.....≈≈≈≈≈≈≈..# #..≈≈≈≈≈≈≈
≈≈≈≈≈≈≈..≈≈≈≈≈≈≈≈≈..## #.≈≈≈≈≈≈≈≈
≈≈≈≈≈≈≈≈≈≈≈≈≈≈≈≈≈≈...###.≈≈≈≈≈≈≈≈
≈≈≈≈≈≈≈≈≈≈≈≈≈≈≈≈≈≈≈......≈≈≈≈≈≈≈≈


You could see a titan.

Vanquished Creatures
  Gastronok (D:8)
  A deep elf elementalist (Elf:2)
  An entropy weaver (Spider:1)
  Nessos (D:15)
  A deep elf demonologist (Orc:2)
  3 merfolk impalers (Shoals:1)
  A minotaur (Lab)
  A deep elf high priest (Elf:1)
  7 vault guards
  Harold (Orc:1)
  4 centaur warriors
  6 hydras
  20 dancing weapons
  7 death yaks
  A merfolk aquamancer (Shoals:1)
  2 two-headed ogres
  An orc high priest (Orc:1)
  9 deep elf knights
  The ghost of olivier the Shield-Bearer, a novice GnFi (D:5)
  4 skeletal warriors
  An unseen horror (D:10)
  3 sea snakes
  3 deep elf archers
  A harpy (Lair:6)
  11 ugly things
  A necromancer (Lair:2)
  3 orc knights (Orc:2)
  11 wolf spiders
  42 deep elf magi
  4 orc sorcerers (Orc:2)
  2 fauns (Shoals:1)
  6 orb spiders
  7 cyclopes
  4 centaur zombies
  6 manticores
  A merfolk siren (Shoals:1)
  14 elephants
  Maurice (Orc:2)
  2 black mambas
  Joseph (D:7)
  A water nymph (Shoals:1)
  3 torpor snails
  9 rime drakes
  13 spiny frogs
  An efreet (D:15)
  5 demonic crawlers
  5 komodo dragons
  A freezing wraith (D:13)
  4 trolls
  A merfolk (Shoals:1)
  3 meliai
  A queen bee (Lair:5)
  The ghost of goulibeur the Agent of Entropy, an amateur DsAK of Lugonu (D:4)
  16 jumping spiders
  2 wind drakes
  Prince Ribbit (D:6)
  6 hornets
  A slime creature (D:8)
  5 polar bears
  13 blink frogs
  14 hippogriffs
  3 snapping turtles (Shoals:1)
  A meliai zombie (D:14)
  An air elemental (Elf:1)
  9 water elementals
  A spriggan (D:10)
  6 wyverns
  37 redbacks
  4 wraiths
  4 fire elementals
  11 tarantellas
  71 yaks
  4 basilisks
  The ghost of diana the Slasher, an amateur DsGl (D:3)
  3 vampire mosquitoes (D:13)
  6 wargs (Orc:1)
  2 acid dragons
  10 water moccasins
  4 hell hounds (D:14)
  11 porcupines
  Purgy (Sewer)
  3 sky beasts
  2 ice beasts
  5 phantoms
  3 black bears
  17 orc warriors
  6 ogres
  12 wolves
  22 centaurs
  8 crocodiles
  6 big kobolds
  A gnoll sergeant (D:12)
  A wyvern zombie (D:11)
  18 bullfrogs
  4 earth elementals
  5 scorpions
  27 killer bees
  18 wights
  4 electric eels
  5 howler monkeys
  A lava snake (D:14)
  3 crimson imps
  5 quasits
  3 bullfrog zombies
  4 jellies
  13 orc priests
  Crazy Yiuf (D:5)
  3 bullfrog skeletons
  7 centaur skeletons
  9 hounds
  A gnoll shaman (D:6)
  9 iguanas
  33 orc wizards
  A polar bear simulacrum (Lair:2)
  Terence (D:2)
  7 worker ants
  5 yak simulacra (Lair:2)
  2 hound zombies
  3 hound skeletons
  Robin (D:2)
  A worker ant zombie (D:10)
  11 gnolls
  11 adders
  A river rat (D:6)
  3 shadow imps
  6 oozes (D:8)
  An adder skeleton (D:8)
  2 adder zombies
  3 worms
  A dart slug (D:2)
  11 leopard geckos
  84 orcs
  7 giant cockroaches
  16 goblins
  4 hobgoblins
  37 kobolds
  9 quokkas
  2 ball pythons
  15 bats
  3 frilled lizards
  2 jackal zombies
  A leopard gecko skeleton (D:5)
  A quokka skeleton (D:6)
  A quokka zombie (D:5)
  10 rats
  4 river rat simulacra (Lair:2)
  A bush (Lair:4)
  A butterfly (Lair:3)
1021 creatures vanquished.

Vanquished Creatures (others)
  A kraken (Shoals:1)
  An entropy weaver (Spider:2)
  The ghost of KeyboardFingers the Spear-Bearer, a journeyman HOBe of Trog (D:11)
  The ghost of Ethylacetat the Martial Artist, a journeyman DsCK of Xom (D:12)
  2 catoblepae
  A vault guard (D:13)
  A merfolk avatar (Lair:6)
  A two-headed ogre (D:8)
  The ghost of Jaiteiro the Cleaver, a novice MiFi of Okawaru (D:9)
  2 orc high priests (Orc:2)
  A deep elf knight (Elf:2)
  A fire crab (Lair:6)
  4 unseen horrors
  An orc knight (Orc:2)
  A deep elf mage (Elf:2)
  3 ugly things (D:14)
  2 molten gargoyles (D:14)
  A gargoyle (D:11)
  3 komodo dragons
  A demonic crawler (Spider:2)
  A merfolk (Shoals:1)
  3 slime creatures
  A shadow (D:13)
  2 vampires
  A wraith (D:14)
  An orc warrior (D:9)
  A sky beast (D:6)
  An eye of draining (D:12)
  A crocodile (Lair:2)
  A jelly (D:8)
  A wolf simulacrum (Lair:2)
  A shadow imp (D:5)
  An orc (D:14)
  22 fungi
  17 plants
  6 toadstools (D:8)
91 creatures vanquished.

Grand Total: 1112 creatures vanquished

Notes
Turn   | Place    | Note
-------+----------+-------------------------------------------
     0 | Abyss:1  | goulibeur the Demonspawn Abyssal Knight began the quest for the Orb.
     0 | Abyss:1  | Reached XP level 1. HP: 18/18 MP: 2/2
    57 | Abyss:1  | Noticed an eight-headed hydra skeleton
    57 | Abyss:1  | Noticed a demonic crawler
    58 | D:1      | Escaped the Abyss
   156 | D:1      | Reached skill level 1 in Dodging
   172 | D:1      | Reached * piety under Lugonu
   316 | D:1      | Reached skill level 3 in Invocations
   316 | D:1      | Gained mutation: You are partially covered in sharp spines. [demonic ancestry]
   316 | D:1      | Reached XP level 2. HP: 6/24 MP: 2/4
  1025 | D:2      | Noticed Terence
  1038 | D:2      | Killed Terence
  1038 | D:2      | Reached XP level 3. HP: 17/29 MP: 5/5
  1138 | D:2      | Reached skill level 4 in Invocations
  1154 | D:2      | Gained mutation: Your flesh is cold resistant. (rC+) [demonic ancestry]
  1154 | D:2      | Reached XP level 4. HP: 13/35 MP: 7/7
  1389 | D:2      | Reached ** piety under Lugonu
  1492 | D:2      | Noticed Robin
  1553 | D:2      | Killed Robin
  2176 | D:3      | Noticed diana's ghost (amateur DsGl)
  2492 | D:3      | Killed diana's ghost
  2492 | D:3      | Reached skill level 5 in Invocations
  2492 | D:3      | Reached XP level 5. HP: 32/42 MP: 7/9
  2601 | D:3      | Gained mutation: You are partially covered in large bone plates. (SH +4) [demonic ancestry]
  2601 | D:3      | Reached XP level 6. HP: 47/48 MP: 10/10
  3334 | D:4      | Reached *** piety under Lugonu
  3391 | D:4      | Noticed goulibeur's ghost (amateur DsAK)
  3707 | D:4      | Killed goulibeur's ghost
  3707 | D:4      | Reached skill level 6 in Invocations
  3707 | D:4      | Gained mutation: You are immune to freezing clouds. [demonic ancestry]
  3707 | D:4      | Reached XP level 7. HP: 37/55 MP: 11/11
  4025 | D:4      | Found a staircase to the Ecumenical Temple.
  4050 | D:4      | Reached skill level 7 in Invocations
  4369 | D:4      | Noticed Menkaure
  4370 | D:4      | Banished Menkaure
  4414 | D:4      | Found an ancient bone altar of Kikubaaqudgha.
  4478 | D:5      | Entered Level 5 of the Dungeon
  4557 | D:5      | Found a shimmering altar of Xom.
  4666 | D:5      | Noticed olivier's ghost (novice GnFi)
  5310 | D:6      | Found a hazy altar of Hepliaklqana.
  5370 | D:6      | Reached skill level 5 in Fighting
  5370 | D:6      | Reached skill level 8 in Invocations
  5535 | D:6      | Gained mutation: You are mostly covered in sharp spines. [demonic ancestry]
  5535 | D:6      | Reached XP level 8. HP: 53/62 MP: 14/14
  5795 | D:6      | Found a glowing drain.
  5817 | Sewer    | Entered a sewer
  5920 | Sewer    | Noticed Purgy
  5931 | Sewer    | Killed Purgy
  5931 | Sewer    | Reached skill level 9 in Invocations
  6313 | D:7      | Noticed Prince Ribbit
  6313 | D:7      | Noticed a hippogriff
  6623 | D:5      | Found Fuak's Antique Weapon Shop.
  6654 | D:5      | Got a slimy spear
  6662 | D:5      | Identified the +5 spear of Instant Death {pierce, MR+ Str+3 Int+3 Dex+2} (You found it on level 5 of the Dungeon)
  6693 | D:5      | Found a blossoming altar of Fedhas.
  6996 | D:6      | Killed Prince Ribbit
  7019 | D:6      | Killed a hippogriff
  7019 | D:6      | Reached skill level 5 in Armour
  7019 | D:6      | Reached skill level 10 in Invocations
  7019 | D:6      | Reached XP level 9. HP: 52/69 MP: 16/16
  7230 | D:7      | Reached **** piety under Lugonu
  7328 | D:7      | Noticed Joseph
  7329 | D:7      | Found a stormy altar of Qazlal.
  7351 | D:7      | Killed Joseph
  7351 | D:7      | Reached skill level 5 in Dodging
  7502 | D:7      | Found a deep blue altar of Sif Muna.
  7849 | D:8      | Noticed a two-headed ogre
  7938 | D:8      | Reached skill level 11 in Invocations
  8248 | D:8      | Banished a two-headed ogre
  8748 | D:8      | Gained mutation: You have large cloven feet. [demonic ancestry]
  8748 | D:8      | Reached XP level 10. HP: 74/79 MP: 18/18
  8834 | D:8      | Noticed Gastronok
  9148 | D:8      | Killed Gastronok
  9148 | D:8      | Reached skill level 12 in Invocations
  9753 | D:8      | Reached skill level 13 in Invocations
  9838 | D:8      | Found Fuefet's Antique Weapon Boutique.
  9923 | D:8      | Found a shattered altar of Ashenzari.
 10153 | D:9      | Noticed a two-headed ogre
 10165 | D:9      | Killed a two-headed ogre
 10170 | D:9      | Noticed Jaiteiro's ghost (novice MiFi)
 10170 | D:9      | Banished Jaiteiro's ghost
 10533 | D:9      | Reached XP level 11. HP: 7/87 MP: 19/21
 11001 | D:9      | Found a staircase to the Lair.
 11484 | D:9      | Noticed Blork the orc
 11491 | D:9      | Found a deep blue altar of Sif Muna.
 11651 | D:10     | Entered Level 10 of the Dungeon
 11713 | D:10     | Noticed Snorg
 11722 | D:10     | Banished Snorg
 11746 | D:10     | Found a staircase to the Orcish Mines.
 11802 | D:10     | Found a glowing silver altar of Zin.
 12233 | D:10     | Noticed Sonja
 12234 | D:10     | Banished Sonja
 12487 | D:5      | Killed olivier's ghost
 12504 | D:5      | Found a runed door.
 12508 | D:5      | Noticed Crazy Yiuf
 12513 | D:5      | Killed Crazy Yiuf
 12834 | D:10     | Killed an unseen horror
 12996 | D:10     | Banished an unseen horror
 13453 | D:11     | Reached skill level 10 in Fighting
 13493 | D:11     | Reached skill level 14 in Invocations
 13717 | D:11     | Found an iron altar of Okawaru.
 13979 | D:11     | Banished an unseen horror
 14152 | D:11     | Noticed KeyboardFingers's ghost (journeyman HOBe)
 14438 | Lair:1   | Entered Level 1 of the Lair of Beasts
 15046 | Lair:1   | Gained mutation: You are mostly covered in large bone plates. (SH +6) [demonic ancestry]
 15046 | Lair:1   | Reached XP level 12. HP: 96/99 MP: 22/22
 18789 | Lair:3   | Found a staircase to the Shoals.
 18823 | Lair:3   | Reached skill level 15 in Invocations
 20115 | Lair:4   | Got a brightly glowing plate armour
 20126 | Lair:4   | Identified the +10 plate armour of the Barber Surgeon {rC+ Str+4} (You found it on level 4 of the Lair of Beasts)
 20411 | Lair:4   | Gained mutation: You have hoof-like feet. [demonic ancestry]
 20411 | Lair:4   | Reached XP level 13. HP: 66/109 MP: 24/24
 20731 | Lair:4   | Found a hole to the Spider Nest.
 22065 | D:11     | Banished KeyboardFingers's ghost
 22803 | D:12     | Noticed Ethylacetat's ghost (journeyman DsCK)
 22827 | D:12     | Banished Ethylacetat's ghost
 23350 | D:12     | Reached skill level 10 in Armour
 23970 | D:13     | Reached skill level 10 in Dodging
 24180 | D:13     | Reached skill level 16 in Invocations
 25571 | D:14     | Noticed Azrael
 25594 | D:14     | Reached XP level 14. HP: 108/119 MP: 26/26
 25746 | D:14     | Found a labyrinth entrance.
 25751 | Lab      | Entered a labyrinth
 25840 | Lab      | Got a clouded marble ring
 25840 | Lab      | Got a pitted glass ring
 25850 | Lab      | Got an ancient chain mail
 25918 | D:14     | Identified the +2 chain mail of Feasting {*Contam +Inv rElec Int+5} (You found it in a labyrinth)
 25940 | D:14     | Identified the cursed ring of Pyang {rC- rN+ Str-3 Int+4} (You found it in a labyrinth)
 25943 | D:14     | Identified the ring "Veta" {rPois rF- rN+ MP+9 Int+2 Dex+3} (You found it in a labyrinth)
 28220 | Lair:6   | Entered Level 6 of the Lair of Beasts
 28536 | Lair:6   | Reached skill level 17 in Invocations
 28828 | Lair:6   | Reached skill level 15 in Fighting
 28864 | Lair:6   | Found a stormy altar of Qazlal.
 29485 | Lair:6   | Found a viscous altar of Jiyva.
 29485 | Lair:6   | Found a staircase to the Slime Pits.
 29956 | Lair:6   | Reached XP level 15. HP: 96/129 MP: 27/27
 30024 | Lair:6   | Reached ***** piety under Lugonu
 30986 | Orc:1    | Entered Level 1 of the Orcish Mines
 31064 | Orc:1    | Noticed Harold
 31109 | Orc:1    | Killed Harold
 31109 | Orc:1    | Reached skill level 1 in Shields
 31726 | Orc:2    | Entered Level 2 of the Orcish Mines
 31726 | Orc:2    | Found a staircase to the Elven Halls.
 31778 | Orc:2    | Noticed Josephine
 31783 | Orc:2    | Banished Josephine
 32062 | Orc:2    | Noticed Maurice
 32073 | Orc:2    | Killed Maurice
 33019 | Orc:2    | Found Zoicriud's Antique Armour Shop.
 33019 | Orc:2    | Found Meonluwk's Distillery.
 33027 | Orc:2    | Found Zeskoado's General Store.
 33027 | Orc:2    | Found Leisymur's Magic Scroll Emporium.
 33078 | Orc:2    | Bought a pair of glowing gloves for 195 gold pieces
 33103 | Orc:2    | Bought a potion of heal wounds for 65 gold pieces
 33315 | Elf:1    | Entered Level 1 of the Elven Halls
 34016 | D:14     | Banished Azrael
 34242 | D:14     | Found a gate to the Vaults.
 35221 | D:14     | Reached skill level 5 in Shields
 35545 | D:15     | Entered Level 15 of the Dungeon
 35545 | D:15     | Found a white marble altar of Elyvilon.
 35833 | D:15     | Noticed Nessos
 35858 | D:15     | Killed Nessos
 37772 | Orc:2    | Reached XP level 16. HP: 98/138 MP: 28/28
 41030 | Elf:2    | Found a runed door.
 41064 | Elf:2    | Found a runed door.
 41474 | Elf:2    | HP: 2/138 [trident of distortion (21)]
 44531 | Spider:1 | Entered Level 1 of the Spider Nest
 44592 | Spider:1 | Reached skill level 10 in Shields
 44924 | Spider:1 | Gained mutation: You are completely covered in large bone plates. (SH +8) [demonic ancestry]
 44924 | Spider:1 | Reached XP level 17. HP: 86/144 MP: 28/29
 48281 | Shoals:1 | Entered Level 1 of the Shoals
 48281 | Shoals:1 | Found Usakir's Weapon Shoppe.
 49051 | Shoals:1 | Noticed a kraken
 49052 | Shoals:1 | Banished a kraken
 49945 | Shoals:1 | Noticed a titan
 49961 | Shoals:1 | HP: 6/144 [titan (28)]
 49964 | Shoals:1 | Killed from afar by a titan

Skill      XL: |  1  2  3  4  5  6  7  8  9 10 11 12 13 14 15 16 17 |
---------------+----------------------------------------------------+-----
Dodging        | 1 2 3 4 5 7 8 9 10 11 12 13 | 13.6
Invocations    | 3 4 5 6 8 10 11 13 14 15 16 17 | 17.4
Armour         | 2 3 4 5 6 7 8 9 10 11 12 13 | 13.6
Fighting       | 4 5 6 7 8 10 12 13 15 | 15.8
Shields        | 6 10 11 | 11.5
Short Blades   | |  1.7

Action                   |  1- 3 |  4- 6 |  7- 9 | 10-12 | 13-15 | 16-18 || total
-------------------------+-------+-------+-------+-------+-------+-------++-------
Melee: Short sword       |    85 |   178 |   192 |       |       |       ||   455
       Unarmed           |       |    24 |       |       |       |     1 ||    25
       Spear             |       |       |   167 |   843 |  1834 |  1067 ||  3911
       Kick              |       |       |       |   383 |  1074 |   667 ||  2124
Invok: Depart the Abyss  |     1 |       |       |       |       |       ||     1
       Banish            |       |       |     4 |    19 |    43 |    17 ||    83
  Use: Scroll            |     3 |     3 |     6 |     1 |    21 |     3 ||    37
       Potion            |       |     4 |     4 |     3 |     2 |     2 ||    15
  Eat: Chunk             |     1 |     8 |    10 |    30 |    42 |    12 ||   103
       Ration            |       |       |     2 |     4 |     9 |     9 ||    24
Armor: Leather armour    |     9 |       |       |       |       |       ||     9
       Ring mail         |     1 |    10 |       |       |       |       ||    11
       Chain mail        |       |    46 |   163 |   312 |       |       ||   521
       Plate armour      |       |       |       |    36 |  1024 |   536 ||  1596
Dodge: Dodged            |    48 |    58 |   133 |   378 |   974 |   650 ||  2241
Block: Other             |       |    18 |    61 |   160 |   415 |       ||   654
       Shield            |       |       |       |       |   553 |       ||   553
       Large shield      |       |       |       |       |    51 |       ||    51
       Buckler           |       |       |       |       |     6 |  1139 ||  1145
